 Dungeon Crawl Stone Soup version 0.31.0-10-gcf4a605ca0 (webtiles) character file.

Game seed: 9991060278764501679

1712244 SnakkuSnakku7 the Walking Fertiliser (level 27, 251/251 HPs)
             Began as a Formicid Delver on Jan 25, 2024.
             Was the Champion of Fedhas (penitent).
             Escaped with the Orb
             ... and 3 runes!
             The game lasted 01:58:37 (67751 turns).

SnakkuSnakku7 the Walking Fertiliser (FoDe)        Turns: 67751, Time: 01:58:37

Health: 251/251    AC: 46    Str: 31    XL:     27
Magic:  34/40      EV: 23    Int:  8    God:    Fedhas [******]
Gold:   9420       SH: 23    Dex: 18    Spells: 26/26 levels left

rFire   + . .        a - +9 great mace (heavy)
rCold   + + +        I - +2 kite shield {rC+}
rNeg    + + .        E - +9 gold dragon scales
rPois   +            (helmet unavailable)
rElec   .            s - +4 dragonskin cloak
rCorr   .            p - +1 Delatra's gloves {ID++}
SInv    +            C - +1 pair of boots "Zioxyn" {^Contam rN++ Dex+3 SInv}
Will    ++...        d - amulet of the Heavens {rC+ Regen+} Stlth
                     t - ring of the Hare {EV+10}
HPRegen 1.41/turn    U - ring of the Octopus King {HP+2 AC+2 EV+2 SH+2 SInv}
MPRegen 0.27/turn

%: no passive effects
@: no status effects
A: permanent stasis, dig shafts and tunnels, antennae 3, four strong arms,
talons 2, dopey 1, poison resistance, evolution 1, inability to read after
injury 1
0: Orb of Zot
}: 3/15 runes: decaying, silver, gossamer
a: Dig, Shaft Self, Renounce Religion


You escaped.
You worshipped Fedhas.
Fedhas was demanding penance.
You visited 10 branches of the dungeon, and saw 50 of its levels.
You visited 1 bazaar.
You also visited: Gauntlet, Ice Cave and Wizlab.

You collected 11012 gold pieces.
You spent 1592 gold pieces at shops.

Inventory:

Hand Weapons
 a - a +9 heavy great mace (weapon)
Missiles
 g - 3 throwing nets
Armour
 e - +0 gold dragon scales
 i - the scarf of Feumehi {repulsion, rF+ rC+ Dex+3 Slay+2}
   (You found it in a wizard's laboratory)

   Dex+3:     It affects your dexterity (+3).
   Slay+2:    It affects your accuracy & damage with ranged weapons and melee
   (+2).
   rF+:       It protects you from fire.
   rC+:       It protects you from cold.
 p - the +1 Delatra's gloves (worn) {ID++}
   (You found it on level 3 of the Dungeon)

   ID++:      It heals its wearer when they drink unknown potions, and restores
   their MP when they read unknown scrolls.
 q - the +1 cloak of Starlight {*Dazzle EV+4 Stlth--}
   (You acquired it on level 3 of the Vaults)

   *Dazzle:   It may blind those who miss an attack against the wearer in melee
   combat.
   EV+4:      It affects your evasion (+4).
   Stlth--:   It makes you much less stealthy.
 s - the +4 dragonskin cloak (worn)
   (You took it off Tiamat on level 1 of the Realm of Zot)

   Avatar's Aegis: It grants the wearer a chance to resist fire, cold, poison,
   electricity, acid, and negative energy.
 C - the +1 pair of boots "Zioxyn" (worn) {^Contam rN++ Dex+3 SInv}
   (You found it in a Gauntlet)

   Dex+3:     It affects your dexterity (+3).
   rN++:      It greatly protects you from negative energy.
   SInv:      It lets you see invisible.
   ^Contam:   It causes magical contamination when unequipped.
 E - +9 gold dragon scales (worn)
 I - a +2 kite shield of cold resistance (worn)
 M - +10 storm dragon scales
Jewellery
 b - a ring of protection from cold
 d - the amulet of the Heavens (around neck) {rC+ Regen+}
   (You acquired it on level 5 of the Vaults)

   [amulet of regeneration]

   rC+:       It protects you from cold.
   Regen+:    It increases your rate of health regeneration.
 k - the ring "Dinyxkoj" {rN+ rCorr Int+3 Dex+3}
   (You found it on level 1 of the Elven Halls)

   [ring of resist corrosion]

   Int+3:     It affects your intelligence (+3).
   Dex+3:     It affects your dexterity (+3).
   rN+:       It protects you from negative energy.
   rCorr:     It protects you from acid and corrosion.
 t - the ring of the Hare (left hand) {EV+10}
   (You found it on level 1 of the Elven Halls)

   [ring of evasion]

   EV+10:     It affects your evasion (+10).
 Q - the ring of Geiggefo {Fly rC++ Str-2 Int-5 Stlth+}
   (You found it on level 1 of the Elven Halls)

   [ring of flight]

   Str-2:     It affects your strength (-2).
   Int-5:     It affects your intelligence (-5).
   rC++:      It greatly protects you from cold.
   Fly:       It grants you flight.
   Stlth+:    It makes you more stealthy.
 U - a ring of the Octopus King (right hand) {HP+2 AC+2 EV+2 SH+2 SInv}
   (You found it on level 5 of the Lair of Beasts)

   [ring of see invisible]

   AC+2:      It affects your AC (+2).
   EV+2:      It affects your evasion (+2).
   HP+2:      It affects your health (+2).
   SInv:      It lets you see invisible.
   SH+2:      It affects your SH (+2).
 W - a ring of poison resistance
 X - the necklace of Bloodlust {Fury *Rage Will++ Int-3 Slay+6}
   (You found it on level 2 of the Crypt)

   [amulet of nothing]

   Fury:      It extends the wearer's berserk rage when killing foes.
   Int-3:     It affects your intelligence (-3).
   Slay+6:    It affects your accuracy & damage with ranged weapons and melee
   (+6).
   Will++:    It greatly increases your willpower.
   *Rage:     It berserks you when you make melee attacks (+50% chance).
 Z - the ring "Icwimiq" {Fly rF+ rN+ Int+3}
   (You found it on level 5 of the Vaults)

   [ring of protection from fire]

   Int+3:     It affects your intelligence (+3).
   rF+:       It protects you from fire.
   rN+:       It protects you from negative energy.
   Fly:       It grants you flight.
Wands
 f - a wand of digging (50)
 n - a wand of polymorph (7)
 o - a wand of mindburst (57)
 D - a wand of flame (89)
 F - a wand of iceblast (46)
 H - a wand of acid (31)
 J - a wand of charming (59)
Scrolls
 c - 7 scrolls of fog
 l - 11 scrolls of poison
 m - 8 scrolls of butterflies
 r - 15 scrolls of immolation
 y - 8 scrolls of vulnerability
 K - 3 scrolls of torment
 L - 12 scrolls of fear
 R - a scroll of silence
Potions
 h - 7 potions of enlightenment
 u - 11 potions of curing
 v - 4 potions of cancellation
 x - 14 potions of attraction
 z - 6 potions of magic
 A - a potion of invisibility
 B - 8 potions of mutation
 G - 5 potions of heal wounds
 P - 12 potions of brilliance
 S - 4 potions of ambrosia
 T - 5 potions of might
 Y - a potion of resistance
Miscellaneous
 j - a phantom mirror (inert)
 w - a phial of floods
 N - a sack of spiders
 O - a lightning rod (4/4)
 V - a tin of tremorstones (2/2)


   Skills:
 O Level 27 Fighting
 - Level 18.6(20.0) Maces & Flails
 - Level 12.4(17.0) Staves
 + Level 21.5 Armour
 - Level 7.3 Dodging
 - Level 6.0 Stealth
 O Level 27 Shields
 O Level 27 Invocations
 - Level 12.0 Evocations


You had 26 spell levels left.
You didn't know any spells.
Your spell library contained the following spells:

 Spells                   Type           Power      Damage    Failure   Level
 Apportation              Tloc           0%         N/A       98%         1
 Freeze                   Ice            0%         1d3       98%         1
 Kiss of Death            Conj/Necr      0%         2d5       98%         1
 Magic Dart               Conj           0%         1d3       98%         1
 Necrotise                Necr           0%         1d4       98%         1
 Sandblast                Erth           0%         2d4       98%         1
 Shock                    Conj/Air       0%         1d3       98%         1
 Slow                     Hex            0%         N/A       98%         1
 Sting                    Conj/Alch      0%         1d3       98%         1
 Summon Small Mammal      Summ           0%         N/A       98%         1
 Cigotuvi's Dreadful Rot  Necr/Alch/Air  0%         N/A       99%         2
 Ensorcelled Hibernation  Hex/Ice        0%         N/A       99%         2
 Jinxbite                 Hex            0%         N/A       99%         2
 Lesser Beckoning         Tloc           0%         N/A       99%         2
 Mercury Vapours          Alch/Air       0%         N/A       99%         2
 Searing Ray              Conj           0%         2d4       99%         2
 Sublimation of Blood     Necr           0%         N/A       99%         2
 Call Canine Familiar     Summ           0%         N/A       100%        3
 Confusing Touch          Hex            0%         N/A       100%        3
 Dazzling Flash           Conj/Hex       0%         N/A       100%        3
 Frozen Ramparts          Ice            0%         1d1       100%        3
 Fugue of the Fallen      Necr           0%         N/A       100%        3
 Gell's Gravitas          Tloc           0%         N/A       100%        3
 Hailstorm                Conj/Ice       0%         3d5       100%        3
 Ozocubu's Armour         Ice            0%         N/A       100%        3
 Passwall                 Erth           0%         N/A       100%        3
 Sigil of Binding         Hex            0%         N/A       100%        3
 Stone Arrow              Conj/Erth      0%         3d7       100%        3
 Summon Ice Beast         Ice/Summ       0%         N/A       100%        3
 Teleport Other           Tloc           0%         N/A       100%        3
 Tukima's Dance           Hex            0%         N/A       100%        3
 Vampiric Draining        Necr           0%         2d6       100%        3
 Volatile Blastmotes      Fire/Tloc      0%         2d10      100%        3
 Anguish                  Hex/Necr       0%         N/A       100%        4
 Animate Armour           Summ/Erth      0%         N/A       100%        4
 Brom's Barrelling Bould  Conj/Erth      0%         2d3       100%        4
 Cause Fear               Hex            0%         N/A       100%        4
 Dimensional Bullseye     Hex/Tloc       0%         N/A       100%        4
 Dispel Undead            Necr           0%         3d6       100%        4
 Fulminant Prism          Conj/Alch      0%         3d5       100%        4
 Iskenderun's Mystic Bla  Conj/Tloc      0%         2d3       100%        4
 Leda's Liquefaction      Alch/Erth      0%         N/A       100%        4
 Manifold Assault         Tloc           0%         N/A       100%        4
 Martyr's Knell           Necr/Summ      0%         N/A       100%        4
 Olgreb's Toxic Radiance  Alch           0%         N/A       100%        4
 Passage of Golubria      Tloc           0%         N/A       100%        4
 Petrify                  Alch/Erth      0%         N/A       100%        4
 Summon Blazeheart Golem  Fire/Summ      0%         N/A       100%        4
 Alistair's Intoxication  Alch           0%         N/A       100%        5
 Borgnjor's Vile Clutch   Necr/Erth      0%         N/A       100%        5
 Curse of Agony           Necr           0%         N/A       100%        5
 Irradiate                Conj/Alch      0%         3d11      100%        5
 Lee's Rapid Deconstruct  Erth           0%         3d4*      100%        5
 Metabolic Englaciation   Hex/Ice        0%         N/A       100%        5
 Silence                  Hex/Air        0%         N/A       100%        5
 Summon Forest            Summ/Tloc      0%         N/A       100%        5
 Summon Mana Viper        Hex/Summ       0%         N/A       100%        5
 Yara's Violent Unravell  Hex/Alch       0%         3d3       100%        5
 Bombard                  Conj/Erth      0%         9d1       100%        6
 Death Channel            Necr           0%         N/A       100%        6
 Dispersal                Tloc           0%         N/A       100%        6
 Eringya's Noxious Bog    Alch           0%         4d6       100%        6
 Summon Cactus Giant      Summ           0%         N/A       100%        6
 Enfeeble                 Hex            0%         N/A       100%        7
 Haunt                    Necr/Summ      0%         N/A       100%        7
 Monstrous Menagerie      Summ           0%         N/A       100%        7
 Orb of Destruction       Conj           0%         9d5       100%        7
 Spellforged Servitor     Conj/Summ      0%         N/A       100%        7
 Summon Hydra             Summ           0%         N/A       100%        7
 Borgnjor's Revivificati  Necr           0%         N/A       100%        8
 Disjunction              Tloc           0%         N/A       100%        8
 Infestation              Necr           0%         N/A       100%        8
 Lehudib's Crystal Spear  Conj/Erth      0%         10d2      100%        8
 Chain Lightning          Conj/Air       0%         N/A       100%        9
 Death's Door             Necr           0%         N/A       100%        9
 Fire Storm               Conj/Fire      0%         5d1       100%        9
 Swiftness                Air            Unusable   N/A       N/A         3
 Vhi's Electric Charge    Tloc/Air       Unusable   N/A       N/A         4

Dungeon Overview and Level Annotations

Branches:
Dungeon (15/15)            Temple (0/1) D:7            Lair (5/5) D:9
  Swamp (4/4) Lair:3       Spider (4/4) Lair:2        Slime (0/5) Lair:5
    Orc (2/2) D:9             Elf (3/3) Orc:2        Vaults (5/5) D:14
  Crypt (3/3) Vaults:3       Tomb (0/3) Crypt:3      Depths (4/4) D:15
    Zot (5/5) Depths:4      IceCv (visited)          WizLab (visited)
Gauntlet (visited)

Altars:
Dithmenos
Fedhas
Kikubaaqudgha
Qazlal
Ru
Sif Muna
Trog
Vehumet
Xom
Yredelemnul
Zin
The Shining One
Jiyva

Shops:
D:1 [   D:4 =[   D:10 :   Orc:1 :   Orc:2 [:(=[   Elf:2 ?   Vaults:2 *
Vaults:3 :   Depths:3 ?=   Depths:4 !

Portals:
Hell: Depths:1 Depths:2 Depths:3 Depths:4
Abyss: Depths:3
Pandemonium: Depths:2 Depths:3 Depths:4
Ziggurat: Depths:3

Annotations:
Spider:4 exclusion: 3 doors
Vaults:1 3 runed translucent doors, Zeia's ghost, adept DjIE
Depths:4 exclusion: upstairs
Zot:3 1 transporter


Innate Abilities, Weirdness & Mutations

You cannot be hasted, slowed, berserked, paralysed or teleported.
You can dig through walls and to a lower floor.
You have a pair of large antennae on your head. (SInv)
Your four strong arms can wield two-handed weapons with a shield.
You have razor-sharp toenails.
You are dopey. (Int -2)
Your system is resistant to poisons. (rPois)
You have hidden genetic potential.
You occasionally lose the ability to read scrolls when taking damage.


Message History

No target in view!
Aiming: Dig
Press: ? - help, Shift-Dir - straight line A rock wall.
This square is covered in magical glow.
The rock shatters into small pieces.
There is an escape hatch in the ceiling here.
A mysterious force pulls you upwards. The hatch slams shut behind you.
Aiming: Dig
Press: ? - help, Shift-Dir - straight line This square is covered in magical glow.
The rock shatters into small pieces.
There is a stone staircase leading up here.
You climb upwards.
There is a stone staircase leading down here.
There is a stone staircase leading up here.
You climb upwards.
There is a stone staircase leading down here.
There is a stone staircase leading up here.
You climb upwards.
There is a stone staircase leading down here.
You see here a +1 spear of freezing.
Items here: ))) [[.
No target in view!
There is a stone staircase leading up here.
You climb upwards.
There is a stone staircase leading down here.
There is an escape hatch in the ceiling here.
A mysterious force pulls you upwards. The hatch slams shut behind you.
You enter the shallow water.
Moving in this stuff is going to be slow.
There is a staircase leading out of the dungeon here.
Aiming: Grow Oklob (0% risk of failure)
Press: ? - help, Dir - move target An oklob plant grows from the ground.
You bludgeon your oklob plant!!
Your oklob plant is lightly damaged.
You feel very guilty. "You will pay for your transgression, mortal!"
You have escaped!

..# #.# #.##..##..#..#
..#
#.#########.###..#..#..#
..# #...........#
##.#..#... ..####
#######.########....#...
.....#
#≈≈≈≈≈≈§.≈§§§§§§#....#..#
.)...#
#§§≈≈≈..§.§§≈§§§#.......#
.....#
#≈≈....~~~.§..§≈##...##.#
.....#
#≈...~~~.~~~§..§#....##.#
.....#
#§§.~~..@.~~~........##.#
.....#
#§...~~~P~~~§..≈#.##.##.#
.....#
#≈≈.§..~~~..§.≈≈#........
.....#
#≈§§≈§.....≈≈≈≈≈####.#.≈≈
.....#
#≈≈§§≈§§§≈≈≈≈≈≈≈#......≈:
.....#
#################.##...≈≈
######
#....................
#.#....######.##..##.
#.#....#....#.#...#..


You could see a friendly oklob plant (summoned).

Vanquished Creatures
  5 dread liches
  4 orbs of fire
  2 ancient liches
  Mara (Swamp:3)
  The ghost of Vatovie the Slayer, a veteran MiFi of Makhleb (Vaults:4)
  Parghit (Zot:4)
  Boris (Depths:3)
  Bai Suzhen (Depths:1)
  A Killer Klown (Zot:5)
  the Lernaean hydra (Swamp:4)
  Nikola (Swamp:1)
  5 golden dragons
  A profane servitor (Crypt:3)
  A pandemonium lord (Zot:5)
  Jory (Vaults:3)
  3 electric golems
  A hellephant (Depths:1)
  3 bone dragons
  Jorgrun (Swamp:1)
  14 tentacled monstrosities
  6 liches
  24 Orb Guardians
  2 deep elf master archers (Elf:3)
  A walking earthen tome (WizLab)
  2 walking frostbound tomes (WizLab)
  3 deep elf blademasters (Elf:3)
  8 sphinxes
  8 quicksilver dragons
  2 Executioners
  6 titans
  12 tengu reavers
  5 ancient champions
  8 shadow dragons
  3 death cobs
  Kirke (Lair:5)
  9 storm dragons
  2 revenants
  Donald (Spider:3)
  Aizul (Spider:3)
  2 strange machines (WizLab)
  9 fire giants
  5 draconian shifters
  A draconian knight (Zot:4)
  2 protean progenitors
  6 emperor scorpions
  7 draconian monks
  8 frost giants
  7 deep elf sorcerers
  An iron dragon (Vaults:5)
  24 vault wardens
  3 deep elf elementalists
  12 ghost moths
  Louise (Swamp:4)
  2 draconian stormcallers
  A juggernaut zombie (Crypt:3)
  5 draconian scorchers
  5 curse skulls
  7 ghouls (Crypt:3)
  An orc warlord (Vaults:1)
  5 broodmothers
  2 spriggan defenders (Depths:4)
  23 ironbound preservers
  An angel (Depths:4)
  5 draconian annihilators
  5 ironbound thunderhulks
  12 stone giants
  11 very ugly things
  7 vampire knights
  5 formless jellyfish
  9 green draconians
  3 eleionomae
  A lorocyproca (Depths:4)
  5 deep elf demonologists
  A rockslime zombie (Crypt:2)
  13 dire elephants
  15 purple draconians
  5 deep elf annihilators
  5 red draconians
  11 yellow draconians
  8 black draconians
  5 war gargoyles
  3 spark wasps (Depths:1)
  8 deep elf death magi
  6 white draconians
  8 eidola
  4 bunyips (Swamp:2)
  Josephine (D:12)
  7 fire dragons
  2 crystal guardians (Vaults:3)
  A quicksilver dragon zombie (Crypt:3)
  A green death (Depths:1)
  A mummy priest (Crypt:3)
  11 ettins
  9 jiangshi
  15 entropy weavers
  17 yaktaur captains
  A hell beast (D:7)
  4 great orbs of eyes
  6 deep elf high priests
  A spriggan zombie (Crypt:2)
  9 rakshasas
  Erolcha (D:9)
  3 death knights (Crypt:3)
  2 jorogumos (Spider:4)
  A fenstrider witch zombie (Crypt:3)
  3 ghost crabs
  4 peacekeepers
  48 vault guards
  5 two-headed ogres
  13 hydras
  A spriggan skeleton (Depths:3)
  17 alligators
  2 ogre magi (Vaults:5)
  5 spriggan air magi
  12 ice dragons
  A catoblepas (Lair:2)
  A merfolk avatar (Lair:5)
  6 centaur warriors
  2 radroaches
  10 ironbound frosthearts
  4 boulder beetles
  10 deep troll shamans
  A sphinx skeleton (Vaults:2)
  7 tengu warriors
  2 titan zombies (Crypt:3)
  7 vampire magi
  9 demonic crawlers
  3 orc high priests (Orc:2)
  45 dancing weapons
  7 deep troll earth magi
  4 hell hogs
  A bennu skeleton (Crypt:1)
  4 spriggan berserkers
  An occultist (Depths:2)
  Sonja (D:10)
  18 deep elf knights
  8 spriggans
  Nergalle (Orc:1)
  9 hell knights
  Amaemon (Lair:1)
  A skyshark (Lair:5)
  7 soul eaters (Crypt:2)
  11 iron trolls
  2 bunyip zombies (Crypt:3)
  4 pharaoh ants
  7 flayed ghosts
  5 goliath frogs
  45 skeletal warriors
  2 storm dragon skeletons (Depths:3)
  78 deep trolls
  15 deep elf archers
  2 glowing orange brains (Depths:2)
  A death drake (Gauntlet)
  3 spriggan druids
  3 sixfirhies (Depths:4)
  A sea snake (Lair:5)
  3 sun moths (Spider:4)
  7 arcanists
  18 ironbound convokers
  12 orb spiders
  12 bog bodies
  A golden dragon skeleton (Depths:3)
  An obsidian statue (Depths:3)
  4 lindwurms
  4 orc knights (Orc:2)
  9 necromancers
  13 harpies
  11 swamp dragons
  27 phantasmal warriors
  11 steelbarb worms
  4 manticores
  30 deep elf pyromancers
  29 deep elf zephyrmancers
  48 ugly things
  6 orc sorcerers
  35 wolf spiders
  2 will-o-the-wisps (Swamp:3)
  A shining eye (shapeshifter) (Vaults:4)
  A faun (shapeshifter) (Vaults:4)
  A spectral centaur (Gauntlet)
  6 cyclopes
  6 black mambas
  A guardian serpent (D:12)
  12 moths of wrath
  2 ice statues (IceCv)
  An orc zombie (Crypt:3)
  3 meliai (Spider:3)
  3 kobold blastminers (Orc:2)
  2 centaur zombies
  A guardian serpent (shapeshifter) (Vaults:5)
  An eye of devastation (Vaults:4)
  6 cane toads
  13 elephants
  A black mamba (shapeshifter) (Elf:3)
  An eye of devastation (shapeshifter) (Depths:1)
  A torpor snail (Spider:2)
  A stone giant skeleton (Vaults:3)
  12 vault sentinels
  3 gargoyles
  A centaur skeleton (Crypt:2)
  An orange demon (D:9)
  An unseen horror (shapeshifter) (D:14)
  A cane toad (shapeshifter) (Vaults:4)
  2 yaktaur zombies
  A storm dragon simulacrum (Vaults:2)
  An unseen horror (D:10)
  2 mana viper skeletons
  5 freezing wraiths
  An anaconda simulacrum (IceCv)
  9 komodo dragons
  6 kobold demonologists
  4 rime drakes
  36 yaktaurs
  6 tengu conjurers
  5 ice devils (IceCv)
  A sea snake skeleton (Crypt:2)
  A hydra zombie (Crypt:3)
  A wind drake (Lair:5)
  A silent spectre (Crypt:2)
  2 queen bees (shapeshifter)
  5 polar bears
  4 harpy zombies (Crypt:3)
  7 trolls
  42 tarantellas
  A sun moth zombie (Crypt:2)
  10 hornets
  An ettin zombie (Crypt:3)
  A hydra skeleton (Crypt:2)
  10 dream sheep (Lair:5)
  8 tyrant leeches
  A blink frog (shapeshifter) (Elf:1)
  3 glass eyes
  A snapping turtle (Lair:5)
  10 blink frogs
  A meliai zombie (Gauntlet)
  A raiju (shapeshifter) (Elf:3)
  A raiju (Gauntlet)
  28 slime creatures
  35 jumping spiders
  20 culicivoras
  A black mamba zombie (Crypt:2)
  An air elemental (Elf:3)
  A vampire (D:10)
  A spriggan (shapeshifter) (Vaults:5)
  2 shadows
  4 dire elephant simulacra (IceCv)
  4 wyverns
  32 yaks
  An ushabti (Crypt:3)
  A human (shapeshifter) (D:14)
  21 wraiths
  6 basilisks
  5 fire elementals
  9 water elementals
  5 steam dragons
  4 wargs
  A death yak simulacrum (IceCv)
  An elf skeleton (Vaults:2)
  A redback simulacrum (D:14)
  6 vampire mosquitoes
  68 redbacks
  A neqoxec (D:15)
  10 swamp worms
  A merfolk zombie (Crypt:1)
  3 harpy simulacra (IceCv)
  A fire bat zombie (Crypt:1)
  A glowing shapeshifter zombie (Vaults:3)
  3 acid dragons
  2 hydra simulacra (IceCv)
  15 water moccasins
  A glowing shapeshifter skeleton (Depths:3)
  25 orc warriors
  8 swamp drakes
  A swamp worm (shapeshifter) (Vaults:5)
  A sky beast (shapeshifter) (Elf:1)
  9 ogres
  3 ice beasts
  A black bear (D:9)
  16 laughing skulls
  A manticore zombie (Crypt:2)
  A sky beast (D:7)
  An ettin simulacrum (Vaults:3)
  A tengu (shapeshifter) (D:13)
  7 wolves
  11 centaurs
  A phantom (Crypt:3)
  5 kobold brigands
  A human skeleton (Vaults:3)
  13 bullfrogs
  2 gnoll sergeants
  2 two-headed ogre simulacra (IceCv)
  13 necrophages (Crypt:3)
  5 scorpions
  A cyclops zombie (Crypt:1)
  7 wyvern skeletons (Crypt:3)
  A polar bear zombie (Crypt:1)
  6 wights
  7 killer bees
  6 electric eels
  5 howler monkeys
  A bombardier beetle (D:6)
  6 jellies
  4 hounds
  26 orc priests
  A gnoll bouda (D:7)
  4 iguanas
  23 orc wizards
  An acid dragon skeleton (Crypt:1)
  An ogre skeleton (Crypt:1)
  2 mummies (Crypt:3)
  Robin (D:3)
  4 adders
  17 gnolls
  A naga simulacrum (IceCv)
  2 shadow imps (D:6)
  2 howler monkey simulacra (D:9)
  14 white imps
  3 ufetubi
  2 ribbon worms
  A dart slug (D:1)
  124 orcs
  A bat skeleton (Crypt:2)
  A bat zombie (Crypt:2)
  13 endoplasms
  3 giant cockroaches
  13 goblins
  5 hobgoblins
  3 quokkas
  5 ball pythons
  6 bats
  A frilled lizard (D:1)
  A goblin skeleton (Crypt:1)
  15 kobolds
  5 rats
  A rat skeleton (Crypt:2)
  An aspiring flesh (Zot:3)
  A ballistomycete spore (Swamp:4)
2334 creatures vanquished.

Vanquished Creatures (collateral kills)
  Tiamat (Zot:1)
  An orb of fire (Zot:5)
  Boris (Vaults:5)
  Arachne (Spider:2)
  A titan (Vaults:5)
  A storm dragon (Zot:5)
  A very ugly thing (Vaults:1)
  A stone giant (Vaults:1)
  A minotaur (Gauntlet)
  A yellow draconian (Zot:1)
  A deep elf annihilator (Vaults:5)
  2 shock serpents (shapeshifter)
  A deep troll (Vaults:1)
  An ironbound convoker (Vaults:5)
  A hellion (Zot:5)
  A hellwing (Zot:5)
  A tarantella (Spider:2)
  9 ballistomycete spores
27 creatures vanquished.

Vanquished Creatures (others)
  A lich (Depths:3)
  An ancient champion (Depths:3)
  A thorn hunter (Swamp:4)
  A frost giant (Vaults:5)
  A vault warden (Vaults:5)
  A caustic shrike skeleton (Depths:3)
  3 eleionomae
  A red draconian (Zot:1)
  2 hydras
  A sixfirhy (D:14)
  A goliath frog (Swamp:4)
  A bog body (Swamp:4)
  2 deep elf zephyrmancers
  A bloated husk (Swamp:1)
  A jumping spider (Spider:1)
  4 humans
  4 fire vortices (Zot:5)
  16 foxfires
43 creatures vanquished.

Grand Total: 2404 creatures vanquished

Notes
Turn   | Place    | Note
-------+----------+-------------------------------------------
     0 | D:5      | SnakkuSnakku7 the Formicid Delver began the quest for the
                  | Orb.
     0 | D:5      | Reached XP level 1. HP: 18/18 MP: 1/1
     6 | D:5      | Noticed a troll
    50 | D:5      | Noticed an ice beast
    53 | D:4      | Noticed a scorpion
    55 | D:4      | Noticed a hound
    60 | D:4      | Noticed a scorpion
    63 | D:4      | Found Zecay's Jewellery Emporium.
   182 | D:3      | Reached XP level 2. HP: 21/24 MP: 2/2
   232 | D:3      | Found a stormy altar of Qazlal.
   246 | D:3      | Found a blossoming altar of Fedhas.
   267 | D:3      | Became a worshipper of Fedhas Madash
   336 | D:3      | Reached XP level 3. HP: 21/29 MP: 3/3
   615 | D:1      | Reached XP level 4. HP: 31/35 MP: 4/4
   735 | D:1      | Found Roveesta's Antique Armour Shoppe.
   950 | D:1      | Reached * piety under Fedhas
  1836 | D:2      | Reached XP level 5. HP: 41/41 MP: 5/5
  1928 | D:2      | Found a faded altar of an unknown god.
  2368 | D:3      | Reached skill level 5 in Maces & Flails
  2513 | D:3      | Found the +1 Delatra's gloves {ID++}
  2597 | D:3      | Reached ** piety under Fedhas
  2657 | D:3      | Noticed Robin
  2663 | D:3      | Killed Robin
  2999 | D:4      | Reached XP level 6. HP: 46/47 MP: 6/6
  3060 | D:4      | Found a bloodstained altar of Trog.
  3225 | D:4      | Found Jejeam's Armour Shop.
  3364 | D:4      | Found a basalt altar of Yredelemnul.
  3498 | D:4      | Bought a +2 cloak for 165 gold pieces
  3679 | D:4      | Killed an ice beast
  3680 | D:4      | Reached XP level 7. HP: 45/52 MP: 7/7
  3960 | D:5      | Reached *** piety under Fedhas
  3968 | D:5      | HP: 2/52 [troll (14)]
  3978 | D:5      | Killed a troll
  3979 | D:5      | Reached XP level 8. HP: 27/58 MP: 8/8
  4755 | D:6      | Reached skill level 10 in Maces & Flails
  5134 | D:6      | Found the +7 staff of the Meek {protect, meekguard}
  5169 | D:6      | Reached skill level 1 in Staves
  5169 | D:6      | Reached XP level 9. HP: 37/64 MP: 9/9
  5652 | D:6      | Reached **** piety under Fedhas
  5713 | D:7      | Reached skill level 5 in Staves
  5992 | D:7      | Found a staircase to the Ecumenical Temple.
  6731 | D:8      | Reached XP level 10. HP: 49/70 MP: 10/10
  6967 | D:8      | Reached ***** piety under Fedhas
  6989 | D:8      | Reached skill level 10 in Staves
  7072 | D:8      | Found a shadowy altar of Dithmenos.
  7119 | D:8      | Found a sacrificial altar of Ru.
  7668 | D:9      | Found a staircase to the Lair.
  7670 | D:9      | Noticed Erolcha
  7676 | D:9      | Noticed a komodo dragon
  7703 | D:9      | Killed Erolcha
  7729 | D:9      | Killed a komodo dragon
  7730 | D:9      | Reached XP level 11. HP: 49/75 MP: 11/11
  7838 | D:9      | Found a staircase to the Orcish Mines.
  7942 | D:9      | Reached skill level 5 in Fighting
  8111 | D:9      | Reached ****** piety under Fedhas
  8941 | D:10     | Entered Level 10 of the Dungeon
  8956 | D:10     | Found Niezype's Book Emporium.
  9062 | D:10     | Found a shimmering altar of Xom.
  9091 | D:10     | Noticed Sonja
  9104 | D:10     | Killed Sonja
  9154 | D:10     | Found a glowing golden altar of the Shining One.
  9848 | D:1      | Bought a buckler for 117 gold pieces
  9848 | D:1      | Bought a glowing scale mail for 182 gold pieces
 10068 | Lair:1   | Entered Level 1 of the Lair of Beasts
 10077 | Lair:1   | Reached skill level 10 in Fighting
 10077 | Lair:1   | Reached skill level 1 in Shields
 10077 | Lair:1   | Reached XP level 12. HP: 97/97 MP: 12/12
 10079 | Lair:1   | Noticed Amaemon
 10319 | Lair:1   | Killed Amaemon
 10484 | Lair:1   | Reached skill level 5 in Shields
 10926 | Lair:1   | Reached skill level 10 in Shields
 10960 | Lair:1   | Reached skill level 1 in Invocations
 11224 | Lair:2   | Found a hole to the Spider Nest.
 11558 | Lair:2   | Reached skill level 5 in Invocations
 11751 | Lair:2   | Noticed a catoblepas
 11765 | Lair:2   | Killed a catoblepas
 11830 | Lair:2   | Noticed an ice dragon
 11871 | Lair:2   | Reached XP level 13. HP: 87/103 MP: 18/18
 11884 | Lair:2   | Killed an ice dragon
 12432 | Lair:3   | Found a staircase to the Swamp.
 12504 | Lair:3   | Found a gate leading to a gauntlet.
 12513 | Gauntlet | Entered a Gauntlet
 12513 | Gauntlet | Found a transporter.
 12522 | Gauntlet | Found a transporter.
 12523 | Gauntlet | Found a transporter.
 12536 | Gauntlet | Found a transporter.
 12538 | Gauntlet | Found a transporter.
 12551 | Gauntlet | Found a transporter.
 12556 | Gauntlet | Found a runed translucent door.
 12563 | Gauntlet | Found a transporter.
 12571 | Gauntlet | Found a runed translucent door.
 12573 | Gauntlet | Found a transporter.
 12575 | Gauntlet | Found a runed translucent door.
 12576 | Gauntlet | Noticed a dire elephant
 12583 | Gauntlet | Found a transporter.
 12597 | Gauntlet | Found a transporter.
 12606 | Gauntlet | Found a transporter.
 12609 | Gauntlet | Found a transporter.
 12760 | Gauntlet | Found a transporter.
 12763 | Gauntlet | Reached skill level 10 in Invocations
 12844 | Gauntlet | Identified the +1 pair of boots "Zioxyn" {^Contam rN++
                  | Dex+3 SInv}
 13053 | Gauntlet | Identified the +10 shortbow "Killer Klown's Curse" {drain,
                  | Dex+2}
 13053 | Gauntlet | Noticed a minotaur
 13072 | Gauntlet | Killed a minotaur
 13091 | Gauntlet | Identified the +1 scale mail of Infinity {Str+6 Dex+2}
 13095 | Gauntlet | Got Wouph's Handbook of the Camelopard
 13760 | Lair:4   | Identified the amulet "Kuopn" {Acrobat rN+ Dex+5}
 14346 | Lair:5   | Entered Level 5 of the Lair of Beasts
 14374 | Lair:5   | Found a staircase to the Slime Pits.
 14377 | Lair:5   | Noticed a seven-headed hydra
 14392 | Lair:5   | Killed a seven-headed hydra
 14413 | Lair:5   | Reached XP level 14. HP: 27/110 MP: 24/24
 14917 | Lair:5   | Reached skill level 15 in Invocations
 15120 | Lair:5   | Noticed Kirke
 15148 | Lair:5   | Killed Kirke
 15272 | Lair:5   | Found a viscous altar of Jiyva.
 15332 | Lair:5   | Reached skill level 5 in Armour
 16108 | Lair:5   | Found the ring of the Octopus King
 16126 | Lair:5   | Identified a ring of the Octopus King {HP+2 AC+2 EV+2 SH+2
                  | SInv}
 16432 | Orc:1    | Entered Level 1 of the Orcish Mines
 16553 | Orc:1    | Found a frozen archway.
 16598 | Orc:1    | Noticed Nergalle
 16627 | Orc:1    | Killed Nergalle
 16647 | IceCv    | Entered an ice cave
 17099 | IceCv    | Reached skill level 10 in Armour
 17376 | Orc:1    | Found Voett's Book Emporium.
 17737 | Orc:2    | Entered Level 2 of the Orcish Mines
 17781 | Orc:2    | Reached XP level 15. HP: 108/115 MP: 26/26
 17933 | Orc:2    | Reached skill level 5 in Dodging
 18326 | Orc:2    | Found Veimaw's Antique Weapon Emporium.
 18326 | Orc:2    | Found Asielih's Book Boutique.
 18702 | Orc:2    | Found Suzyfi's Antique Armour Emporium.
 18743 | Orc:2    | Found a staircase to the Elven Halls.
 18851 | Orc:2    | Found Taeph's Jewellery Boutique.
 18851 | Orc:2    | Found Yniquira's Armour Emporium.
 19958 | D:12     | Identified the amulet "Keliut" {Faith Int+3 Stlth+}
 20757 | D:12     | Noticed Josephine
 20775 | D:12     | Killed Josephine
 21818 | D:13     | Reached XP level 16. HP: 122/122 MP: 27/27
 22025 | D:14     | Found a gate to the Vaults.
 22569 | D:15     | Entered Level 15 of the Dungeon
 22687 | D:15     | Reached skill level 15 in Maces & Flails
 23414 | D:15     | Found a staircase to the Depths.
 23925 | Lair:1   | Upgraded the game from 0.31.0-9-g3a7656b989 to
                  | 0.31.0-10-gcf4a605ca0
 23970 | Spider:1 | Entered Level 1 of the Spider Nest
 25628 | Spider:2 | Identified the blade talisman of Duck's Teeth {Will+}
 25650 | Spider:2 | Reached XP level 17. HP: 119/125 MP: 28/28
 25665 | Spider:2 | Noticed Arachne
 26027 | Spider:2 | HP: 5/130 [Arachne/staff of alchemy (9)]
 26030 | Spider:2 | Killed Arachne
 26954 | Spider:3 | Reached XP level 18. HP: 109/129 MP: 8/29
 29021 | Spider:3 | Noticed Donald
 29024 | Spider:3 | Killed Donald
 29061 | Spider:4 | Entered Level 4 of the Spider Nest
 29417 | Spider:4 | Reached XP level 19. HP: 129/148 MP: 30/30
 29669 | Spider:4 | Reached skill level 15 in Fighting
 29684 | Spider:4 | HP: 7/146 [poisoned by a redback]
 30155 | Spider:4 | Identified the serpent talisman of Iloraf {rCorr}
 30155 | Spider:4 | Noticed Aizul
 30452 | Spider:3 | Killed Aizul
 31227 | Spider:4 | Identified the +6 flail of Fabulous Tender Mercy {holy,
                  | Int+8}
 31403 | Spider:4 | Got a gossamer rune of Zot
 32310 | Swamp:1  | Entered Level 1 of the Swamp
 33137 | Swamp:1  | Noticed Nikola
 33159 | Swamp:1  | Killed Nikola
 33399 | Swamp:2  | Reached skill level 15 in Armour
 33501 | Swamp:2  | Noticed Jorgrun
 33565 | Swamp:1  | Killed Jorgrun
 33679 | Swamp:2  | Reached XP level 20. HP: 162/162 MP: 31/31
 33928 | Swamp:3  | Noticed Mara
 33930 | Swamp:3  | Noticed SnakkuSnakku7's illusion
 34380 | Swamp:3  | Identified the +2 sling of Impermanence {heavy, Str+4
                  | Int-4}
 34431 | Swamp:3  | Identified the +1 short sword "Onobieg" {freeze, rElec rF-
                  | Str+4}
 34627 | Swamp:4  | Entered Level 4 of the Swamp
 34830 | Swamp:3  | Noticed SnakkuSnakku7's illusion
 34831 | Swamp:3  | Killed Mara
 34848 | Swamp:3  | Noticed a tentacled monstrosity
 34856 | Swamp:3  | Killed a tentacled monstrosity
 35775 | Swamp:4  | Reached skill level 15 in Shields
 35914 | Swamp:4  | Noticed Louise
 35925 | Swamp:4  | Killed Louise
 35968 | Swamp:4  | Noticed the 27-headed Lernaean hydra
 36323 | Swamp:4  | Killed the 27-headed Lernaean hydra
 36357 | Swamp:4  | Got a decaying rune of Zot
 36594 | Swamp:4  | Identified the ring of Gywunu {Wiz Str+3 Dex-2 Slay+3
                  | Stlth+}
 37048 | Vaults:1 | Entered Level 1 of the Vaults
 37452 | Vaults:1 | Reached XP level 21. HP: 116/168 MP: 32/32
 37823 | Vaults:1 | Found the +7 great mace "Undeadhunter" {deathbane, rN+}
 37833 | Vaults:1 | Found a runed translucent gate.
 37833 | Vaults:1 | Found a runed translucent gate.
 37834 | Vaults:1 | Found a runed translucent gate.
 37842 | Vaults:1 | Noticed Zeia's ghost (adept DjIE)
 38353 | Vaults:1 | Identified the +9 short sword of Impatience {pain, rElec
                  | rPois rCorr Str-3}
 38453 | Vaults:1 | HP: 3/170 [ironbound frostheart (33)]
 39130 | Vaults:1 | Got the Compilation of the Vehement Sun
 39947 | Vaults:2 | Reached XP level 22. HP: 136/175 MP: 35/35
 40488 | Vaults:2 | Found Ynogack's Assorted Antiques.
 41515 | Vaults:3 | Found Zueczig's Book Emporium.
 41691 | Vaults:3 | Found a staircase to the Crypt.
 41691 | Vaults:3 | Found an ancient bone altar of Kikubaaqudgha.
 41691 | Vaults:3 | Found a basalt altar of Yredelemnul.
 42849 | Vaults:3 | Noticed Jory
 42859 | Vaults:3 | Killed Jory
 43019 | Vaults:3 | Identified a scroll of acquirement
 43021 | Vaults:3 | Acquired the +1 cloak of Starlight {*Dazzle EV+4 Stlth--}
 43021 | Vaults:3 | Found the +1 cloak of Starlight {*Dazzle EV+4 Stlth--}
 43073 | Vaults:3 | Reached XP level 23. HP: 163/181 MP: 38/38
 44611 | Vaults:4 | Found a runed translucent gate.
 44611 | Vaults:4 | Found a runed translucent gate.
 44611 | Vaults:4 | Found a runed translucent gate.
 44613 | Vaults:4 | Noticed Vatovie's ghost (veteran MiFi)
 44933 | Vaults:4 | Killed Vatovie's ghost
 45879 | Vaults:4 | Identified the +2 chain mail "Cautrat" {rC+}
 46187 | Crypt:1  | Entered Level 1 of the Crypt
 47265 | Crypt:1  | Reached XP level 24. HP: 188/188 MP: 39/40
 48480 | Crypt:3  | Entered Level 3 of the Crypt
 48876 | Crypt:3  | Found a staircase to the Tomb.
 49021 | Crypt:3  | Reached skill level 27 in Invocations
 49312 | Crypt:3  | Found a basalt altar of Yredelemnul.
 50025 | Crypt:3  | Identified the orb of Spite {mayhem, +Blink Int+5 Dex-5
                  | Tloc}
 50061 | Crypt:3  | Identified the +7 plate armour of the Dice {+Blink Int+3
                  | SInv}
 50551 | Crypt:3  | Found the +9 staff of Olgreb {rPois∞}
 50559 | Crypt:3  | Identified the +4 whip "Juoc" {venom, Stlth+}
 50835 | Crypt:2  | Found a runed door.
 50916 | Crypt:2  | You fall into a shaft and drop 1 floor!
 51189 | Crypt:2  | Noticed a dread lich
 51192 | Crypt:2  | Noticed a dread lich
 51199 | Crypt:2  | Killed a dread lich
 51200 | Crypt:2  | Killed a dread lich
 51221 | Crypt:2  | Identified the +6 sling of the Postmodern Dances {speed,
                  | rN+ rCorr MP+9 Str+3}
 51222 | Crypt:2  | Identified the +0 cloak of the Gate {Fly}
 51230 | Crypt:2  | Found the necklace of Bloodlust {Fury *Rage Will++ Int-3
                  | Slay+6}
 51261 | Crypt:2  | Identified the staff of the Riding Owl {rF+ Hexes Earth}
 51644 | Elf:1    | Entered Level 1 of the Elven Halls
 51671 | Elf:1    | Identified the +5 flail of Sudden Death {speed, rF+}
 51719 | Elf:1    | Found a transporter.
 51722 | Elf:1    | Found the ring of the Hare {EV+10}
 51757 | Elf:1    | Reached XP level 25. HP: 194/194 MP: 40/40
 51825 | Elf:1    | Found a transporter.
 52890 | Elf:2    | Found a runed translucent gate.
 52892 | Elf:2    | Found a runed translucent gate.
 52892 | Elf:2    | Found a runed translucent gate.
 52959 | Elf:2    | Found Zume's Magic Scroll Shoppe.
 52971 | Elf:2    | Bought 3 scrolls of enchant armour for 292 gold pieces
 52971 | Elf:2    | Bought a scroll of revelation for 97 gold pieces
 52974 | Elf:2    | Found a radiant altar of Vehumet.
 53649 | Elf:3    | Entered Level 3 of the Elven Halls
 53699 | Elf:3    | Reached skill level 1 in Evocations
 53795 | Elf:3    | Found a shimmering blue altar of Sif Muna.
 53913 | Elf:3    | Reached skill level 5 in Evocations
 54075 | Elf:3    | Identified the +5 scale mail of the Swan {rN+ Dex+4}
 54122 | Elf:3    | Identified the +6 trident of the Iron City of Dis {freeze,
                  | rElec rCorr Str+7 Dex-5}
 54555 | Elf:3    | Got Zioryux's Omnibus of the Hindering Cemetery
 54559 | Elf:3    | Got Sif Muna's Vellum of Bruises
 54565 | Elf:3    | Identified the +9 long sword of Risk Management {drain,
                  | Will+}
 54609 | Elf:3    | Identified the staff "Leviticus" {rElec Will+ Stlth+ Tloc
                  | Air}
 54666 | Elf:3    | Identified the +1 long sword of Dominance {pain, Fly rElec
                  | rPois rC++ Str-3}
 55254 | Elf:1    | Identified the ring "Dinyxkoj" {rN+ rCorr Int+3 Dex+3}
 55264 | Elf:1    | Identified the ring "Urhexuw" {Wiz rElec Str+2}
 55280 | Elf:1    | Identified the ring of Geiggefo {Fly rC++ Str-2 Int-5
                  | Stlth+}
 55508 | Depths:1 | Entered Level 1 of the Depths
 55520 | D:15     | Reached XP level 26. HP: 163/201 MP: 40/40
 55602 | Depths:1 | Reached skill level 10 in Evocations
 55829 | Depths:1 | Found Boirylak's Armour Boutique.
 55861 | Depths:1 | Noticed Bai Suzhen
 55872 | Depths:1 | Killed Bai Suzhen
 56459 | Depths:1 | Found a gateway to Hell.
 58286 | Depths:2 | Found a one-way gate leading to the halls of Pandemonium.
 58327 | Depths:3 | Noticed Boris
 58432 | Depths:3 | Found a one-way gate to the infinite horrors of the Abyss.
 58463 | Depths:3 | Killed Boris
 58515 | Depths:3 | Found Vinag's Jewellery Shop.
 58515 | Depths:3 | Found Toist's Magic Scroll Boutique.
 58524 | Depths:3 | Bought a scroll of fog for 64 gold pieces
 58796 | Depths:3 | Found a magical portal.
 58861 | WizLab   | Entered Tukima's Studio
 59163 | WizLab   | Identified the +4 longbow of Expedience {speed, SInv
                  | Stlth+}
 59385 | WizLab   | Identified the scarf of Feumehi {repulsion, rF+ rC+ Dex+3
                  | Slay+2}
 59462 | WizLab   | Noticed SnakkuSnakku7's illusion
 59478 | WizLab   | Noticed SnakkuSnakku7's illusion
 59503 | WizLab   | Noticed SnakkuSnakku7's illusion
 59679 | WizLab   | Noticed SnakkuSnakku7's illusion
 59687 | WizLab   | Reached XP level 27. HP: 178/207 MP: 36/40
 59693 | WizLab   | Identified the -1 pair of gloves of Gravitas {rElec rF-
                  | Regen+ Dex+7}
 59701 | WizLab   | Identified the +0 cloak of the Playwright {rElec}
 59737 | Depths:3 | Found a one-way gateway to a ziggurat.
 59782 | Depths:3 | Found a gateway to a bazaar.
 59787 | Depths:3 | Gained mutation: Potions are less effective at restoring
                  | your health. [a neqoxec]
 59801 | Bazaar   | Entered a bazaar
 59801 | Bazaar   | Found Qekleux's Magic Scroll Emporium.
 59801 | Bazaar   | Found Huni's Jewellery Shoppe.
 59801 | Bazaar   | Found Vatuotin's General Store.
 59809 | Bazaar   | Bought a potion of might for 44 gold pieces
 59809 | Bazaar   | Bought a scroll of revelation for 82 gold pieces
 59813 | Bazaar   | Bought a scroll of enchant armour for 60 gold pieces
 59813 | Bazaar   | Bought a scroll of fear for 32 gold pieces
 59813 | Bazaar   | Bought a scroll of fear for 32 gold pieces
 59825 | Depths:3 | Acquired 975 gold pieces
 59877 | Depths:3 | Acquired 381 gold pieces
 59972 | Depths:3 | Found a glowing silver altar of Zin.
 60014 | Depths:4 | Entered Level 4 of the Depths
 60590 | Depths:4 | Found a gate to the Realm of Zot.
 60647 | Depths:4 | Identified the +1 robe of Wabusumn {+Blink Stlth+}
 60674 | Depths:4 | Reached skill level 27 in Shields
 60818 | Depths:4 | Found Guubodashu's Distillery.
 60825 | Depths:4 | Bought a potion of resistance for 170 gold pieces
 60825 | Depths:4 | Bought a potion of resistance for 170 gold pieces
 60825 | Depths:4 | Bought a potion of heal wounds for 85 gold pieces
 61826 | Vaults:5 | Entered Level 5 of the Vaults
 62248 | Vaults:5 | Identified the +6 great sword of Cataclysm {venom, rPois
                  | Int+4 Stlth+}
 62261 | Vaults:5 | Noticed an ancient lich
 62275 | Vaults:5 | Killed an ancient lich
 62315 | Vaults:5 | Noticed a dread lich
 62318 | Vaults:5 | Killed a dread lich
 62445 | Vaults:5 | Noticed Boris
 62454 | Vaults:5 | Killed Boris
 62684 | Vaults:5 | Identified the +5 scale mail "Wan Ogg" {rPois Regen+}
 62695 | Vaults:5 | Got the Papyrus of Changed Rime
 63039 | Vaults:5 | Identified the ring "Icwimiq" {Fly rF+ rN+ Int+3}
 63162 | Vaults:5 | Identified the +6 scale mail "Hateines" {rF+}
 63424 | Vaults:5 | Got a silver rune of Zot
 63561 | Vaults:5 | Identified the +3 dire flail "Bablapt" {elec, rF+ Will+
                  | Dex-2}
 63575 | Vaults:5 | Acquired the amulet of the Heavens {rC+ Regen+}
 64032 | Zot:1    | Entered Level 1 of the Realm of Zot
 64446 | Zot:1    | Found the +4 dragonskin cloak
 64446 | Zot:1    | Noticed Tiamat
 64781 | Zot:1    | Killed Tiamat
 64872 | Depths:4 | Lost mutation: Potions are less effective at restoring your
                  | health. [potion of mutation]
 64872 | Depths:4 | Gained mutation: You are vulnerable to heat. (rF-) [potion
                  | of mutation]
 64872 | Depths:4 | Gained mutation: You are clumsy. (Dex -2) [potion of
                  | mutation]
 64872 | Depths:4 | Gained mutation: You have sharp toenails. [potion of
                  | mutation]
 64873 | Depths:4 | Lost mutation: You are clumsy. (Dex -2) [potion of
                  | mutation]
 64873 | Depths:4 | Lost mutation: You are vulnerable to heat. (rF-) [potion of
                  | mutation]
 64873 | Depths:4 | Gained mutation: You are agile. (Dex +4, Str/Int -1)
                  | [potion of mutation]
 64873 | Depths:4 | Gained mutation: You have razor-sharp toenails. [potion of
                  | mutation]
 64873 | Depths:4 | Gained mutation: You are strong-willed. (Will+) [potion of
                  | mutation]
 65481 | Zot:3    | Found a transporter.
 65684 | Zot:4    | Noticed an orb of fire
 65752 | Zot:5    | Entered Level 5 of the Realm of Zot
 66260 | Zot:5    | Noticed an ancient lich
 66277 | Zot:5    | Killed an ancient lich
 66318 | Zot:5    | Noticed a dread lich
 66319 | Zot:5    | Noticed an orb of fire
 66334 | Zot:5    | Gained mutation: Your spells are a little easier to cast,
                  | but a little less powerful. [an orb of fire]
 66346 | Zot:5    | Gained mutation: Your health recovers twice as slowly from
                  | being drained. [an orb of fire]
 66347 | Zot:5    | Gained mutation: You are vulnerable to heat. (rF-) [an orb
                  | of fire]
 66353 | Zot:4    | Killed an orb of fire
 66386 | Zot:3    | Noticed Parghit
 66440 | Zot:4    | Killed Parghit
 66456 | Zot:5    | Gained mutation: You occasionally lose the ability to read
                  | scrolls when taking damage. [an orb of fire]
 66462 | Zot:4    | Killed an orb of fire
 66463 | Zot:4    | Lost mutation: You are agile. (Dex +4, Str/Int -1) [potion
                  | of mutation]
 66463 | Zot:4    | Lost mutation: You are strong-willed. (Will+) [potion of
                  | mutation]
 66463 | Zot:4    | Lost mutation: Your health recovers twice as slowly from
                  | being drained. [potion of mutation]
 66463 | Zot:4    | Gained mutation: You have hidden genetic potential. [potion
                  | of mutation]
 66463 | Zot:4    | Gained mutation: Your movements are slightly less
                  | encumbered by armour. (ER -2) [potion of mutation]
 66464 | Zot:4    | Lost mutation: Your spells are a little easier to cast, but
                  | a little less powerful. [potion of mutation]
 66464 | Zot:4    | Lost mutation: Your movements are slightly less encumbered
                  | by armour. (ER -2) [potion of mutation]
 66464 | Zot:4    | Lost mutation: You are vulnerable to heat. (rF-) [potion of
                  | mutation]
 66464 | Zot:4    | Gained mutation: Your system is resistant to poisons.
                  | (rPois) [potion of mutation]
 66523 | Zot:5    | Killed a dread lich
 66583 | Zot:5    | Noticed a dread lich
 66586 | Zot:5    | Noticed an orb of fire
 66595 | Zot:5    | Killed an orb of fire
 66597 | Zot:5    | Noticed a Killer Klown
 66599 | Zot:5    | Noticed an orb of fire
 66600 | Zot:5    | Noticed an orb of fire
 66601 | Zot:5    | Killed a dread lich
 66607 | Zot:5    | Killed an orb of fire
 66616 | Zot:5    | Killed an orb of fire
 66630 | Zot:5    | Killed a Killer Klown
 67110 | Zot:5    | Reached skill level 27 in Fighting
 67134 | Zot:5    | Got the Orb of Zot
 67143 | Zot:5    | Noticed Moqyc the pandemonium lord
 67157 | Zot:5    | Killed Moqyc the pandemonium lord
 67349 | Depths:4 | Gained mutation: You are dopey. (Int -2) [a neqoxec]
 67442 | D:14     | Noticed Nitol the pandemonium lord
 67749 | D:1      | Was placed under penance by Fedhas
 67751 | D:$      | Escaped with the Orb!

Illustrated notes

Levels and vault maps discovered:
D:1:      dpeg_arrival_shrine, layout_basic, serial_shops, shop,
          minmay_splitting_lines, st_stairs_1, kennysheep_decorative_pillar,
          minmay_misc_feat_more_columns, corexii_item_surrounded_by_moat
D:2:      minmay_spotlight, layout_basic, serial_aquarium,
          aquarium_bridge_straight [aquarium_subvault_bridge,
          aquarium_subvault_window, aquarium_subvault_bridge,
          aquarium_subvault_balcony], aquarium_window_3, aquarium_window_corner,
          aquarium_window_fake, aquarium_window_fake, aquarium_view_2e,
          aquarium_balcony_double_2, aquarium_pool_side,
          hellmonk_ecumenical_altar_pennies_from_heaven
D:3:      layout_basic, grunt_temple_overflow_forces_of_nature, uniq_robin
D:4:      layout_rooms, mainiacjoe_overflow_big_doors, serial_shops, shop,
          nicolae_inconvenience_store
D:5:      layout_rooms
D:6:      layout_gridville, pf_guarded_unrand_meek
D:7:      layout_loops_ring, minmay_temple_entry_grid, serial_co_window_serial,
          co_window_of_opportunity_a, co_window_corner_a, co_window_corner_a,
          co_window_of_opportunity_a, co_window_corner_a, co_window_corner_a,
          co_window_paths_a, co_window_broadway_a, co_window_corner_ca,
          co_window_broadway_c, co_window_paths_c, co_window_of_opportunity_b,
          glass_columns_a, glass_columns_a, glass_columns_b, glass_columns_c,
          due_unseen_surprise
D:8:      layout_gridville, mainiacjoe_overflow_concentric_impassable,
          lemuel_doored_altar
D:9:      layout_long_grid, due_lair_maze_entry_diamond, david_orc_5,
          serial_ice, serial_ice_l, serial_ice_n, serial_ice_m, serial_ice_g,
          lemuel_flame_loot_1, uniq_erolcha
D:10:     layout_roguey, kennysheep_mini_moat, tso_metal_star, serial_shops,
          shop, david_defended_altar_orc, uniq_sonja
D:11:     layout_basic
D:12:     layout_gridville, special_room [special_room_orc],
          minmay_tree_intersection, nrook_guardian_serpent_ordinary,
          uniq_josephine
D:13:     layout_basic
D:14:     layout_roguey, david_vaults_4
D:15:     grunt_enter_depths_snipers, layout_irregular_city,
          serial_bayou_pond_e, chequers_mini_garden, dk_noncrumbling_3
Lair:1:   layout_chaotic_city, lemuel_fruit_fields, uniq_amaemon
Lair:2:   dragon1_lemuel, layout_long_grid, spider_nest_entry_a,
          lemuel_fruit_tree, serial_bayou_shore_b
Lair:3:   layout_misc_corridors, skrybe_swamp_entry_bodies,
          gauntlet_entry_generic
Lair:4:   layout_long_grid, patterned_corridor, serial_bayou_shore_b
Lair:5:   gammafunk_lair_ancient_temple, layout_small_grid,
          nicolae_slime_entry_field_trip, uniq_kirke
Swamp:1:  layout_basic_swamp, nicolae_swamp_little_swirl,
          hangedman_swamp_diagram, nicolae_swamp_tree_isthmus,
          infiniplex_staircase_pool, uniq_nikola
Swamp:2:  layout_basic_swamp, hangedman_swamp_blocks, uniq_jorgrun
Swamp:3:  layout_basic_swamp, evilmike_swamp_ruin_rubble_2, uniq_mara
Swamp:4:  grunt_swamp_rune_castle, layout_basic_swamp, swamp_pool_4,
          ldierk_geyser, uniq_louise
Spider:1: layout_chambers
Spider:2: layout_spider_delve, nicolae_spider_eight_legs, uniq_arachne
Spider:3: layout_spider_delve, uniq_donald
Spider:4: johnstein_spider_rune_arachne_lair, drop_trap, guppyfry_spider_mini_2,
          uniq_aizul
Orc:1:    layout_caves, serial_shops, shop, basic_altar,
          portal_ice_cave_entry_imps, uniq_nergalle
Orc:2:    grunt_orc_tribal_feast, layout_caves, serial_shops,
          nicolae_shop_tiny_statue_garden
Elf:1:    gammafunk_its_a_trap, layout_geoelf_grid, nicolae_elf_crossing_hall
Elf:2:    nicolae_elf_blades_crystal_corner, layout_geoelf_diagonals,
          basic_altar, serial_shops, shop
Elf:3:    minmay_elf_hall, layout_geoelf_diagonals, basic_altar,
          guppyfry_elf_castle
Vaults:1: ebering_ghost_rock_garden, grunt_vaults_twisty, st_greater_box_1,
          nicolae_vaults_tetromino_T_1, nicolae_vaults_network_s,
          ontoclasm_vaults_twist, hangedman_vaults_nails,
          nicolae_vaults_tetromino_Z_2, nicolae_vaults_heart-shaped_vault,
          nicolae_vaults_trapezoid_4, nicolae_vaults_little_ls,
          nicolae_vaults_trapezoid_lopsided_4, nicolae_vaults_stepped_doors,
          v_misc_13, nicolae_vaults_network_star, layout_vaults_maze
Vaults:2: ontoclasm_vaults_ring_small, v_alt_pattern_2, vaults_room_hallway,
          nicolae_vaults_what_the_h, hangedman_vaults_stream, v_pattern_3,
          v_misc_30, vaults_dpeg_spiral, grunt_vaults_bifocal,
          nicolae_vaults_shock_wave, vaults_room_corners,
          nicolae_vaults_asterisk, nicolae_vaults_trapezoid_lopsided_4,
          ontoclasm_vaults_idyll, layout_vaults_big_cross, serial_shops,
          nicolae_shop_overgrown_old_shop
Vaults:3: nicolae_vaults_big_angled_halls, nicolae_vaults_cornered_office,
          nicolae_vaults_offset_grid_hallway_3, nicolae_vaults_circle_grid_a,
          vaults_room_guarded_vault, ontoclasm_vaults_bender,
          ontoclasm_vaults_chip, nicolae_vaults_mini_display_case,
          minmay_crypt_entry_necro_gods, v_pattern_5, v_rooms_3,
          grunt_vaults_funnel, vaults_room_pools,
          serial_library_hellmonk_open_square,
          nicolae_vaults_variable_pillar_hall, layout_vaults_omnibox,
          serial_shops, shop, uniq_jory
Vaults:4: ebering_ghost_rock_garden, st_greater_box_2,
          ontoclasm_vaults_loading_screen, nicolae_vaults_offset_grid_hallway_2,
          hangedman_vaults_capsules, vaults_room_stairs_pillars,
          nicolae_vaults_gold_heap, layout_vaults_chaotic_city
Vaults:5
Crypt:1:  layout_gridlike, minmay_misc_feat_five, minivault_25,
          item_on_display_a, grunt_crypt_arrival_webbed
Crypt:2:  evilmike_wizard_prison, layout_gridlike
Crypt:3:  evilmike_haunted_forest
Depths:1: layout_honeycomb, serial_shops, shop, grunt_hell_horde,
          grunt_ministairs_1, nicolae_wwwww, feat_on_display, uniq_bai_suzhen
Depths:2: nzn_winding_woodlands_three_and_one
          [nzn_winding_woodlands_5x15_longhouse,
          nzn_winding_woodlands_5x15_garden,
          nzn_winding_woodlands_5x15_split_checker,
          nzn_winding_woodlands_center_garden], layout_gridlike, hell_entry,
          pan_entry
Depths:3: minmay_skeletal_surprise, layout_cross, enter_ziggurat_a, abyss_entry,
          hell_entry, serial_column_ruins, column_ruins_portal_squares,
          column_ruins_open_small, column_ruins_open_tiny,
          column_ruins_open_small, column_ruins_open_tiny,
          column_ruins_open_small, serial_shops, statue_bzr, zin_angel,
          infiniplex_enter_wizlab_glasses, corexii_corridor_pit,
          minmay_shoptagon, uniq_boris
Depths:4: grunt_twist_and_shout, layout_gridlike, serial_bayou_lagoon_a,
          hell_entry, serial_shops, nicolae_shop_tiny_glass,
          rand_demon_pan_entry_1
Zot:1:    nicolae_moth_party, layout_cellular_growth, uniq_tiamat
Zot:2:    layout_onion_interference, hangedman_zot_gyre, uniq_josephina
Zot:3:    gammafunk_dig_for_victory, layout_misc_corridors,
          lemuel_baited_zot_trap, uniq_parghit
Zot:4:    layout_onion_interference, regret_index_zotdec_barnacled_simple,
          lemuel_elevator
Zot:5:    layout_cathedral_of_symmetry

Skill      XL: |  1  2  3  4  5  6  7  8  9 10 11 12 13 14 15 16 17 18 19 20 21 22 23 24 25 26 27 |
---------------+----------------------------------------------------------------------------------+-----
Maces & Flails | 3 4 5 7 8 10 13 17 18 | 18.6
Staves         | 1 8 11 12 | 12.4
Fighting       | 10 11 14 15 27 | 27.0
Shields        | 1 10 18 20 21 22 25 27 | 27.0
Invocations    | 7 14 15 18 22 26 27 | 27.0
Armour         | 10 15 18 21 | 21.5
Dodging        | 3 7 |  7.3
Evocations     | 9 12 | 12.0
Stealth        | |  6.0

Action                     |  1- 3 |  4- 6 |  7- 9 | 10-12 | 13-15 | 16-18 | 19-21 | 22-24 | 25-27 || total
---------------------------+-------+-------+-------+-------+-------+-------+-------+-------+-------++-------
  Melee: Mace              |     5 |       |       |       |       |       |       |       |       ||     5
         Flail             |    37 |   191 |   160 |       |       |       |       |       |       ||   388
         Punch             |       |     2 |     7 |     6 |       |       |       |       |       ||    15
         Quarterstaff      |       |       |   183 |   675 |  1842 |   410 |       |       |       ||  3110
         Great mace        |       |       |       |       |       |   541 |  1003 |  1490 |  2216 ||  5250
  Throw: Throwing net      |       |       |     2 |       |       |       |       |       |       ||     2
 Invoke: Grow Oklob        |       |       |       |       |     1 |     1 |     3 |     1 |     7 ||    13
         Wall of Briars    |       |       |       |       |       |     1 |       |       |       ||     1
         Grow Ballistomyce |       |       |       |       |       |       |     3 |       |       ||     3
Ability: Dig               |       |     1 |     4 |     3 |    11 |    13 |     2 |     1 |    18 ||    53
         Shaft Self        |       |       |       |       |       |       |       |     1 |       ||     1
  Evoke: Wand              |       |       |       |     8 |     3 |     9 |       |       |     7 ||    27
         Sack of spiders   |       |       |       |       |       |     1 |     2 |       |       ||     3
         Phantom mirror    |       |       |       |       |       |       |       |       |     1 ||     1
    Use: Scroll            |     1 |     1 |    10 |     8 |    12 |     4 |     7 |     3 |    18 ||    64
         Potion            |       |     1 |     4 |       |     6 |     5 |     9 |       |    17 ||    42
   Stab: Sleeping          |     2 |    13 |     4 |     5 |    10 |     1 |     3 |       |       ||    38
         Distracted        |       |       |       |     2 |     2 |     1 |     6 |       |     4 ||    15
         Confused          |       |       |       |       |       |       |     4 |       |       ||     4
         Invisible         |       |       |       |       |       |       |       |     8 |    28 ||    36
 Armour: Leather armour    |    32 |    61 |   209 |   394 |   119 |       |       |       |       ||   815
         Chain mail        |       |    49 |    46 |       |       |       |       |       |       ||    95
         Skin              |       |       |     5 |       |       |       |       |       |       ||     5
         Pearl dragon scal |       |       |       |       |   800 |   577 |   516 |       |       ||  1893
         Swamp dragon scal |       |       |       |       |       |       |    87 |       |       ||    87
         Storm dragon scal |       |       |       |       |       |       |    62 |   752 |  1020 ||  1834
         Gold dragon scale |       |       |       |       |       |       |       |       |   128 ||   128
  Dodge: Dodged            |    35 |   115 |   168 |   417 |   704 |   627 |   731 |   738 |  1411 ||  4946
         Repelled          |       |       |       |       |       |       |       |       |     5 ||     5
  Block: Buckler           |       |       |       |    59 |   573 |    98 |       |       |       ||   730
         Kite shield       |       |       |       |       |       |   749 |   800 |  1539 |  2391 ||  5479
         Tower shield      |       |       |       |       |       |       |   533 |       |       ||   533
